Map: Abyssal Reef LE

Players

HolyHit - Winner!

  • Race: Protoss Protoss
  • Spawn Location: 5:00

Sluskis

  • Race: Zerg Zerg
  • Spawn Location: 11:00

Event: WCS Jonkoping 2017

VOD

Have the link to the VOD?

Description

Time

  • Played on: June 17, 2017, 6:45 a.m.
  • Length: 9:46

All games in this series

Show
View Real Time Build Order
Export as new Build Order

HolyHit Protoss - Winner!

Build Orders: 1 Gate Expand, Oracle Opening 

Get SALT Encoding   

  12  0:01  Probe (Chrono Boost)  
  13  0:11  Probe (Chrono Boost)  
  14  0:18  Pylon  
  14  0:22  Probe (Chrono Boost)  
  15  0:37  Probe (Chrono Boost)  
  15  0:38  Gateway  
  16  0:44  Assimilator  
  16  0:47  Probe (Chrono Boost)  
  17  0:58  Probe (Chrono Boost)  
  18  1:08  Probe (Chrono Boost)  
  19  1:19  Probe (Chrono Boost)  
  20  1:26  Nexus  
  20  1:31  Probe (Chrono Boost)  
  21  1:41  Cybernetics Core  
  21  1:44  Probe (Chrono Boost)  
  22  1:51  Pylon  
  22  1:54  Probe (Chrono Boost)  
  22  2:00  Assimilator  
  23  2:09  Zealot (Chrono Boost), Probe (Chrono Boost)  
  26  2:16  Warp Gate (Chrono Boost)  
  26  2:21  Probe  
  27  2:24  Stargate  
  27  2:33  Probe  
  27  2:35  Stalker (Chrono Boost)  
  30  2:43  Probe  
  29  2:45  Probe  
  29  2:51  Pylon  
  31  2:55  Probe  
  31  2:57  Probe  
  33  3:07  Probe, Oracle (Chrono Boost)  
  37  3:14  Probe  
  37  3:19  Probe  
  39  3:24  Adept  
  39  3:26  Probe  
  42  3:31  Mothership Core  
  44  3:38  Probe  
  45  3:50  Probe  
  45  3:52  Probe  
  45  3:53  Nexus  
  45  3:55  Oracle (Chrono Boost)  
  50  3:59  Pylon  
  50  4:02  Probe  
  51  4:04  Probe  
  52  4:14  Probe  
  52  4:17  Probe, Assimilator  
  54  4:20  Assimilator  
  54  4:26  Probe, Void Ray (Chrono Boost)  
  54  4:31  Probe  
  60  4:36  Pylon  
  60  4:38  Probe (Chrono Boost)  
  60  4:43  Probe (Chrono Boost)  
  61  4:50  Probe (Chrono Boost)  
  62  4:53  Gateway  
  62  4:55  Probe (Chrono Boost)  
  63  5:00  Probe (Chrono Boost)  
  63  5:05  Probe (Chrono Boost)  
  65  5:08  Robotics Facility  
  65  5:09  Probe (Chrono Boost), Twilight Council  
  65  5:11  Forge, Probe (Chrono Boost)  
  67  5:16  Probe (Chrono Boost), Pylon  
  67  5:20  Probe (Chrono Boost)  
  69  5:22  Pylon  
  69  5:25  Probe (Chrono Boost)  
  69  5:26  Probe (Chrono Boost)  
  71  5:31  Probe (Chrono Boost)  
  72  5:36  Probe (Chrono Boost)  
  72  5:37  Probe (Chrono Boost)  
  72  5:41  Probe (Chrono Boost)  
  75  5:46  Photon Cannon  
  75  5:47  Probe x2 (Chrono Boost)  
  77  5:51  Charge  
  77  5:52  Probe (Chrono Boost)  
  77  5:56  Templar Archives  
  78  5:57  Zealot, Probe (Chrono Boost)  
  78  5:58  Zealot  
  83  6:10  Oracle  
  82  6:13  Pylon  
  76  6:21  Adept  
  76  6:22  Adept  
  75  6:29  Pylon  
  68  6:33  Pylon  
  68  6:37  Probe x3 (Chrono Boost)  
  68  6:42  Zealot x2  
  68  6:46  Oracle  
  75  6:51  Probe x3 (Chrono Boost)  
  75  6:52  Protoss Ground Weapons Level 1  
  78  6:55  Pylon  
  78  7:00  Pylon  
  78  7:01  Probe (Chrono Boost)  
  78  7:02  Probe x2 (Chrono Boost)  
  78  7:07  Zealot  
  83  7:08  Pylon  
  83  7:09  Zealot  
  83  7:12  Probe x2 (Chrono Boost)  
  82  7:19  Probe (Chrono Boost)  
  82  7:20  Photon Cannon  
  84  7:22  Probe (Chrono Boost)  
  84  7:23  Probe (Chrono Boost)  
  85  7:30  Probe (Chrono Boost)  
  85  7:33  Probe x2 (Chrono Boost)  
  88  7:37  Gateway  
  88  7:39  Gateway  
  88  7:40  Warp Prism  
  88  7:42  Gateway  
  88  7:44  Gateway  
  90  7:48  Assimilator  
  90  7:52  Gateway, Assimilator  
  90  7:57  Probe x2 (Chrono Boost), Gateway  
  92  8:15  High Templar x2  
  92  8:16  Probe x2 (Chrono Boost)  
  92  8:19  Gateway  
  95  8:26  Nexus, Archon  
  95  8:29  Pylon x2  
  95  8:36  Gateway  
  95  8:38  High Templar x3  
  95  8:40  Immortal  
  95  8:41  Gateway  
  105  8:43  Archon  
  105  8:51  Pylon  
  105  8:52  High Templar x2  
  105  8:53  Pylon  
  109  8:56  High Templar x3  
  109  8:58  Photon Cannon  
  109  9:00  Pylon, Archon x3  
  115  9:06  Pylon  
  115  9:09  Pylon  
  115  9:20  Observer  
  115  9:23  High Templar x2  
  120  9:24  Zealot x3  
  120  9:27  Archon  
  120  9:30  Gateway  
  120  9:31  Zealot x3  
  130  9:33  Gateway  
Show
View Real Time Build Order
Export as new Build Order

Sluskis Zerg 

Build Orders: Hatch First 

Get SALT Encoding   

  12  0:01  Drone  
  13  0:13  Overlord  
  13  0:19  Drone  
  14  0:32  Drone x2  
  14  0:35  Drone  
  17  0:54  Hatchery  
  17  0:56  Drone  
  17  0:59  Drone  
  18  1:12  Extractor  
  18  1:15  Spawning Pool  
  18  1:18  Drone  
  17  1:22  Drone  
  18  1:29  Drone  
  19  1:41  Drone  
  20  1:49  Overlord  
  20  2:02  Queen  
  20  2:05  Queen  
  24  2:12  Zergling x2, Drone x2  
  27  2:16  Metabolic Boost  
  27  2:21  Zergling x2  
  28  2:25  Evolution Chamber  
  27  2:39  Drone x3  
  30  2:48  Hatchery  
  29  3:00  Zerg Melee Weapons Level 1  
  29  3:01  Zergling x6  
  32  3:08  Overlord  
  32  3:15  Drone x3  
  32  3:19  Overlord  
  36  3:41  Drone x5  
  36  3:42  Drone x3  
  43  3:54  Spore Crawler, Queen  
  44  4:00  Spore Crawler  
  43  4:03  Drone x3  
  43  4:09  Spore Crawler  
  44  4:15  Drone x3  
  47  4:20  Baneling Nest, Extractor  
  45  4:29  Overlord  
  45  4:30  Overlord  
  45  4:31  Drone x3  
  45  4:40  Overlord  
  45  4:52  Zergling x8  
  49  4:56  Hatchery  
  45  5:04  Zergling x2  
  45  5:05  Zergling x12  
  49  5:12  Zergling x10  
  49  5:13  Zergling x2  
  55  5:26  Zergling x8  
  55  5:27  Zergling x6  
  59  5:40  Zergling x6  
  59  5:41  Zergling x6  
  65  5:48  Zerg Ground Armor Level 1  
  65  5:50  Baneling x7  
  65  5:51  Baneling  
  53  6:27  Zergling x6  
  53  6:28  Zergling x18  
  53  6:29  Zergling x6  
  52  6:55  Queen  
  52  6:56  Queen x2  
  52  6:58  Drone x8  
  52  6:59  Drone  
  52  7:01  Baneling x4  
  69  7:02  Baneling  
  69  7:03  Baneling  
  59  7:29  Extractor, Lair  
  52  7:33  Drone x3  
  52  7:34  Drone x7  
  52  7:35  Zergling x8  
  52  7:36  Zergling x4  
  67  7:52  Drone x3  
  67  7:56  Hatchery  
  69  8:01  Drone x2  
  69  8:02  Evolution Chamber, Drone  
  69  8:03  Extractor  
  67  8:18  Overlord  
  65  8:21  Queen  
  65  8:22  Queen  
  65  8:23  Drone x2  
  65  8:26  Drone  
  72  8:27  Overlord x4  
  72  8:38  Hatchery  
  72  8:40  Hydralisk Den  
  70  8:44  Drone x3  
  73  8:53  Overlord  
  73  8:54  Drone x2  
  73  8:55  Drone  
  75  8:58  Queen  
  75  9:00  Queen  
  79  9:07  Drone x5  
  79  9:09  Extractor  
  83  9:10  Extractor  
  82  9:21  Drone x4  
  82  9:22  Drone x4  
Tags
 
Add a new tag
Caveats
  • Supply blocks, unpowered buildings, or Contaminate may cause inaccurate times.
  • Supply counts are checked every 10 seconds.